 Dungeon Crawl Stone Soup version 0.30-a0-996-ga6910c8ee8 (webtiles) character file.

Game seed: 18126940888635951950

3082 Zeldest the Fighter (level 9, -7/82 HPs)
             Began as a Black Draconian Warper on Apr 4, 2023.
             Was an Initiate of Ashenzari.
             Hit by a boomerang of dispersal thrown by something (9 damage)
             ... on level 8 of the Dungeon on Apr 5, 2023.
             The game lasted 00:23:29 (9393 turns).

Zeldest the Fighter (Black Draconian Warper)        Turns: 9393, Time: 00:23:30

Health: -7/82      AC:  3    Str: 14    XL:     9   Next: 58%
Magic:  16/16      EV: 13    Int: 18    God:    Ashenzari [......]
Gold:   435        SH:  0    Dex: 10    Spells: 13/18 levels left

rFire   . . .      SeeInvis .    m - +0 falchion (freeze)
rCold   . . .      Faith    .    (no shield)
rNeg    + . .      Spirit   .    (body armour unavailable)
rPois   .          Reflect  .    (helmet restricted)
rElec   +          Rampage  .    (no cloak)
rCorr   .                        (no gloves)
Will    .....                    (no boots)
Stlth   +                        d - amulet of magic regeneration
HPRegen 0.33/turn                e - ring of the Lashed Comet {AC+4, Self, Evo} (curse)
MPRegen 0.55/turn                h - ring of positive energy

@: corroded
A: breathe lightning, AC +7, unfitting armour, electricity resistance,
cold-blooded
a: Breathe Lightning, Renounce Religion, Shatter the Chains


You were on level 8 of the Dungeon.
You worshipped Ashenzari.
Ashenzari was noncommittal.
You visited 2 branches of the dungeon, and saw 9 of its levels.

You collected 435 gold pieces.

Inventory:

Hand Weapons
 m - a +0 falchion of freezing (weapon)
Jewellery
 a - a ring of flight
 d - an amulet of magic regeneration (around neck)
 e - the cursed ring of the Lashed Comet (left hand) {AC+4, Self, Evo}
   (You found it on level 1 of the Dungeon)

   [ring of protection]

   AC:        It affects your AC (+4).
   It has a curse which improves the following skills: Introspection: Fighting
   and Spellcasting.
   Evocations: Evocations.
 h - a ring of positive energy (right hand)
 u - a ring of magical power
 z - a +5 ring of evasion
Scrolls
 b - a scroll of blinking
 g - 7 scrolls of teleportation {unknown}
 i - 4 scrolls of vulnerability {unknown}
 j - 2 scrolls of magic mapping {unknown}
 k - 6 scrolls of identify {unknown}
 l - a scroll of poison {unknown}
 n - 3 scrolls of enchant armour {unknown}
 o - a scroll of enchant weapon {unknown}
 r - a scroll of noise {unknown}
 v - 2 scrolls of fog {unknown}
 w - 2 scrolls of immolation {unknown}
 y - a scroll of torment {unknown}
Potions
 f - a potion of flight
 x - a potion of brilliance


   Skills:
 + Level 8.3(8.7) Fighting
 + Level 7.6 Long Blades
 - Level 0.8 Throwing
 + Level 5.5 Dodging
 - Level 4.7(5.1) Spellcasting
 - Level 4.0 Translocations
 + Level 3.8 Air Magic


You had 13 spell levels left.
You knew the following spells:

 Your Spells              Type           Power      Damage    Failure   Level
a - Blink                 Tloc           38%        N/A       3%          2
b - Teleport Other        Tloc           19%        N/A       8%          3

Your spell library contained the following spells:

 Spells                   Type           Power      Damage    Failure   Level
 Lesser Beckoning         Tloc           38%        N/A       3%          2
 Gell's Gravitas          Tloc           19%        N/A       8%          3
 Vhi's Electric Charge    Tloc/Air       36%        N/A       8%          3
 Manifold Assault         Tloc           19%        N/A       26%         4
 Dazzling Flash           Conj/Hex       8%         N/A       36%         3
 Iskenderun's Mystic Bla  Conj/Tloc      11%        2d4       50%         4
 Starburst                Conj/Fire      2%         6d3       100%        6


Dungeon Overview and Level Annotations

Branches:
Dungeon (8/15) Zot: 26510  Temple (1/1) D:5 Zot: 5717
   Lair: D:8-11

Altars:
Ashenzari
Cheibriados
Dithmenos
Elyvilon
Fedhas
Gozag
Hepliaklqana
Kikubaaqudgha
Makhleb
Nemelex Xobeh
Okawaru
Qazlal
Ru
Sif Muna
Trog
Vehumet
Xom
Yredelemnul
Zin
The Shining One

Shops:
D:6 =

Annotations:
D:3 1 runed translucent door, Crazy Yiuf
D:8 Maurice


Innate Abilities, Weirdness & Mutations

You can breathe wild blasts of lightning.
Your glossy black scales are hard. (AC +7)
You cannot fit into any form of body armour.
You are resistant to electric shocks. (rElec)
You are cold-blooded and may be slowed by cold attacks.


Message History

The bolt of acid misses you. The howler monkey misses you.
The howler monkey hoots and howls with incredible vigour!
You closely miss the howler monkey.
The howler monkey is severely wounded.
The howler monkey hits you.
You aren't carrying any items that you can evoke.
Unknown command.
Okay, then.
You slash the howler monkey! You freeze the howler monkey.
You kill the howler monkey!
You hear a zap.
A bolt of acid appears from out of thin air!
The bolt of acid hits you! Something hits you.
Something steals your purple potion!
You closely miss something. You closely miss something. Something hits you.
* * * LOW HITPOINT WARNING * * *
Something steals your 2 potions of degeneration!
The howler monkey hits you.
* * * LOW HITPOINT WARNING * * *
Something hits you!
* * * LOW HITPOINT WARNING * * *
Something steals 275 gold pieces!
You now have 435 gold pieces.
Blink to where?
Press: ? - help, Dir - move target
As you read the scroll of blinking, it crumbles to dust.
An orc warrior comes into view. It is wielding a +0 trident.
There is a stone staircase leading up here.
A boomerang of dispersal appears from out of thin air!
The boomerang of dispersal hits you!
* * * LOW HITPOINT WARNING * * *
You blink.
You stop ascending the stairs.
Found a plate armour.
You start resting.
You have got your breath back.
You start resting.
A boomerang of dispersal appears from out of thin air!
The boomerang of dispersal completely misses you.
A boomerang of dispersal appears from out of thin air!
The boomerang of dispersal hits you!
You die...

.. ... # .. .. #.
... #[##+###....
#...........
#...........
#...@.......
#...........
##...#######
##...###...#
#.........>#
#..>.......#
#[.........#
#....<.....#
##########.....h...#


There were no monsters in sight!

Vanquished Creatures
  3 water moccasins
  2 orc warriors (D:6)
  A sky beast (D:5)
  6 black bears
  2 ogres (D:5)
  A centaur (D:7)
  A phantom (D:5)
  A kobold brigand (D:6)
  3 bullfrogs
  2 scorpions
  A gnoll sergeant (D:5)
  A killer bee (D:8)
  4 howler monkeys
  4 jellies
  2 orc priests (D:4)
  3 sleepcaps
  2 hounds (D:6)
  2 gnoll boudas
  3 iguanas
  6 orc wizards
  15 gnolls
  8 adders
  3 shadow imps
  2 white imps
  A worm (D:3)
  3 dart slugs
  24 orcs
  6 ball pythons
  5 endoplasms
  A giant cockroach (D:2)
  6 goblins
  10 hobgoblins
  8 jackals (D:2)
  11 kobolds
  5 quokkas
  10 bats
  6 frilled lizards
  8 rats
  A spectral goblin (D:6)
183 creatures vanquished.

Notes
Turn   | Place    | Note
-------+----------+-------------------------------------------
     0 | D:1      | Zeldest the Draconian Warper began the quest for the Orb.
     0 | D:1      | Reached XP level 1. HP: 17/17 MP: 3/3
   123 | D:1      | Reached XP level 2. HP: 15/25 MP: 5/5
   566 | D:1      | Reached XP level 3. HP: 30/30 MP: 6/6
   944 | D:2      | Found a faded altar of an unknown god.
  1098 | D:2      | Reached skill level 3 in Fighting
  1223 | D:2      | Reached XP level 4. HP: 37/38 MP: 8/8
  1237 | D:2      | Noticed a scorpion
  1253 | D:2      | Killed a scorpion
  1348 | D:2      | Learned a level 2 spell: Blink
  1464 | D:2      | Reached XP level 5. HP: 46/46 MP: 9/9
  2098 | D:3      | Found a runed translucent door.
  2099 | D:3      | Noticed Crazy Yiuf
  2432 | D:3      | Reached skill level 4 in Fighting
  2873 | D:4      | Reached XP level 6. HP: 41/52 MP: 11/11
  3528 | D:5      | Entered Level 5 of the Dungeon
  4024 | D:3      | Learned a level 3 spell: Teleport Other
  4224 | D:4      | Reached skill level 5 in Fighting
  4511 | D:4      | Your scales start taking on a glossy black colour.
  4511 | D:4      | Reached XP level 7. HP: 35/61 MP: 10/13
  4511 | D:4      | Gained mutation: You are resistant to electric shocks.
                  | (rElec) [Black Draconian growth]
  4643 | D:5      | Reached skill level 5 in Long Blades
  4876 | D:5      | Found a staircase to the Ecumenical Temple.
  4898 | Temple   | Entered the Ecumenical Temple
  5055 | Temple   | Became a worshipper of Ashenzari the Shackled
  5242 | D:5      | Reached skill level 6 in Fighting
  5673 | D:6      | Reached XP level 8. HP: 70/70 MP: 15/15
  5676 | D:6      | Found Onofuryl's Jewellery Boutique.
  6335 | D:6      | Found a burning altar of Makhleb.
  6573 | D:6      | Reached skill level 7 in Fighting
  7050 | D:5      | Reached XP level 9. HP: 14/79 MP: 16/16
  7295 | D:6      | Reached skill level 1 in Air Magic
  7361 | D:6      | Found a hazy altar of Hepliaklqana.
  7881 | D:6      | Reached skill level 5 in Dodging
  8157 | D:7      | Found an ancient bone altar of Kikubaaqudgha.
  8227 | D:7      | Reached skill level 8 in Fighting
  8800 | D:7      | Found a sacrificial altar of Ru.
  8990 | D:8      | Noticed a cyclops
  9208 | D:8      | Noticed Maurice
  9389 | D:8      | HP: 1/82 [something (12)]
  9393 | D:8      | Hit by a boomerang of dispersal thrown by something

Illustrated notes

Levels and vault maps discovered:
D:1:      erik_arrival_orb_chamber, layout_basic
D:2:      layout_loops_ring, ebering_ecumenical_altar_rust
D:3:      layout_rooms, nicolae_concentric_dashed_squares_wild, dk_vineyard_3,
          uniq_crazy_yiuf_cottage
D:4:      layout_loops_ring
D:5:      layout_loops_ring, minmay_temple_entry_slanted
D:6:      minmay_polygon_palace, layout_cave_pools, makhleb_blood_cavern_becter,
          nicolae_hepliaklqana_monster_ancestors, serial_shops,
          nicolae_shop_stone, minmay_misc_feat_five, grunt_ministairs_15
D:7:      layout_cave_pools, mainiacjoe_overflow_catch_the_wave,
          minmay_a_box_with_orc_wizards_in_it
D:8:      hangedman_cross_stitches, layout_gridville, nicolae_diode_basic,
          uniq_pikel, uniq_erica, uniq_maurice, uniq_maggie
Temple:   nicolae_temple_slightly_damp_pantheon

Skill      XL: |  1  2  3  4  5  6  7  8  9 |
---------------+----------------------------+-----
Fighting       | 3 4 5 6 7 8 |  8.3
Long Blades    | 3 4 5 6 7 |  7.6
Spellcasting   | 3 4 |  4.7
Dodging        | 4 5 |  5.5
Translocations | 4 |  4.0
Air Magic      | 3 |  3.8
Throwing       | |  0.8

Action                     |  1- 3 |  4- 6 |  7- 9 || total
---------------------------+-------+-------+-------++-------
  Melee: Falchion          |   165 |   316 |   340 ||   821
         Tailslap          |    15 |    26 |    44 ||    85
         Punch             |     2 |     5 |     3 ||    10
   Cast: Teleport Other    |       |     5 |       ||     5
         Blink             |       |     1 |     4 ||     5
 Invoke: Curse Item        |       |       |     1 ||     1
Ability: Breathe Lightning |       |       |    27 ||    27
    Use: Potion            |       |     5 |       ||     5
         Scroll            |       |     2 |     1 ||     3
   Stab: Sleeping          |     1 |       |     1 ||     2
 Armour: Skin              |    86 |   194 |   201 ||   481
  Dodge: Dodged            |   156 |   198 |   307 ||   661

Table legend: (Time is in decaauts)
 A = Elapsed time spent in this place.
 B = Non-inter-level travel time spent in this place.
 C = Inter-level travel time spent in this place.
 D = Time resting spent in this place.
 E = Time spent auto-exploring this place.
 F = Levels seen in this place.
 G = Mean time per level.
                   A        B        C        D        E       F      G
               +--------+--------+--------+--------+--------+-----+--------+
         Total |   9484 |   9158 |    326 |   3058 |   3441 |   9 | 1053.8 |
       Dungeon |   9202 |   8897 |    305 |   2957 |   3322 |   8 | 1150.2 |
        Temple |    282 |    261 |     21 |    101 |    119 |   1 |  282.0 |
               +--------+--------+--------+--------+--------+-----+--------+

Top non-repeatable levels by time:
     D:5: 1787 daAuts
     D:6: 1681 daAuts
     D:4: 1581 daAuts
     D:7: 1154 daAuts
     D:3: 967 daAuts
     D:1: 963 daAuts
     D:2: 868 daAuts
  Temple: 282 daAuts
     D:8: 198 daAuts
